 Dungeon Crawl Stone Soup version 0.31-a0-774-g0d66cbabe8 (webtiles) character file.

Game seed: 984625055754058554

2 Conn the Firebug (level 1, 0/11 HPs)
             Began as an Octopode Fire Elementalist on Sept 17, 2023.
             Slain by a quokka (3 damage)
             ... on level 1 of the Dungeon.
             The game lasted 00:00:33 (101 turns).

Conn the Firebug (Octopode Fire Elementalist)        Turns: 101, Time: 00:00:33

Health: 0/11       AC:  1    Str:  7    XL:     1   Next: 40%
Magic:  0/3        EV: 13    Int: 17    God:
Gold:   0          SH:  5    Dex: 12    Spells: 3/4 levels left

rFire   . . .        (no weapon)
rCold   . . .        (no shield)
rNeg    . . .        (helmet restricted)
rPois   .            b - amulet of reflection
rElec   .            (no ring)
rCorr   .            (no ring)
SInv    .            (no ring)
Will    .....        (no ring)
Stlth   +++          (no ring)
HPRegen 0.21/turn    (no ring)
MPRegen 0.08/turn    (no ring)
                     (no ring)

%: reflection
@: no status effects
A: almost no armour, amphibious, 8 rings, camouflage 1, gelatinous body 1,
(nimble swimmer 1), tentacles
a: no special abilities


You were on level 1 of the Dungeon.
You visited 1 branch of the dungeon, and saw 1 of its levels.

Inventory:

Jewellery
 b - an amulet of reflection (around mantle)
Potions
 a - a potion of magic


   Skills:
 + Level 2.0 Dodging
 + Level 2.8 Stealth
 + Level 2.0 Spellcasting
 + Level 1.0 Conjurations
 + Level 3.0 Fire Magic


You had 3 spell levels left.
You knew the following spells:

 Your Spells              Type           Power      Damage    Failure   Level
a - Foxfire               Conj/Fire      32%        2x1d5     9%          1

Your spell library contained the following spells:

 Spells                   Type           Power      Damage    Failure   Level
 Scorch                   Fire           24%        2d6       9%          2
 Inner Flame              Hex/Fire       6%         N/A       30%         3
 Volatile Blastmotes      Fire/Tloc      12%        2d11      30%         3
 Flame Wave               Conj/Fire      8%         2d5       63%         4


Dungeon Overview and Level Annotations

Branches:
Dungeon (1/15)

Altars:


Innate Abilities, Weirdness & Mutations

You cannot wear most types of armour.
You are amphibious.
You can wear up to eight rings at the same time.
Your skin changes colour to match your surroundings (Stealth+).
Your rubbery body absorbs attacks. (AC +1, EV +1)
((You are camouflaged when in or above water. (Stealth+)))
You have tentacles for arms and can constrict up to eight enemies at once.


Message History

You tentacle-slap the endoplasm.
You kill the endoplasm!
The foxfire hits the ball python.
You kill the ball python!
Unknown command.
Casting: Foxfire (safe; 9% risk of failure)
Confirm with . or Enter, or press ? or * to list all spells.
You miscast Foxfire.
You are very lightly contaminated with residual magic.
Nothing appears to happen.
Unknown command.
The quokka attacks as it pursues you! The quokka barely misses you.
The quokka attacks as it pursues you! The quokka bites you.
The quokka attacks as it pursues you! The quokka closely misses you.
Your magical contamination has completely faded away.
The quokka bites you. The quokka closely misses you.
The quokka closely misses you.
Casting: Foxfire (safe; 9% risk of failure)
Confirm with . or Enter, or press ? or * to list all spells.
You conjure some foxfire!
The quokka bites you.
Unknown command.
You tentacle-slap the quokka but do no damage.
You grab the quokka. You constrict the quokka.
The foxfire hits the quokka but does no damage.
The quokka is lightly wounded.
The foxfire hits the quokka but does no damage.
The quokka is lightly wounded.
The quokka bites you.
* * * LOW HITPOINT WARNING * * *
Unknown command.
Unknown command.
Unknown command.
Unknown command.
Unknown command.
You tentacle-slap the quokka but do no damage.
The quokka is lightly wounded.
You constrict the quokka, but do no damage.
The quokka bites you.
You die...

#≈≈~~~≈≈#.....#
#≈#~<~#~#.#####
#~#~###~#.#
#~~~~~~##.#
#######~#.#
#~~~##.###
#~##~#...# ..
#.###r#### ##
#'##@....#
#...§###.#
###### #


You could see a quokka.

Vanquished Creatures
  An endoplasm (D:1)
  A ball python (D:1)
  A rat (D:1)
3 creatures vanquished.

Vanquished Creatures (others)
  13 foxfires (D:1)
13 creatures vanquished.

Grand Total: 16 creatures vanquished

Notes
Turn   | Place    | Note
-------+----------+-------------------------------------------
     0 | D:1      | Conn the Octopode Fire Elementalist began the quest for the
                  | Orb.
     0 | D:1      | Reached XP level 1. HP: 11/11 MP: 3/3
   101 | D:1      | Slain by a quokka

Illustrated notes

Levels and vault maps discovered:
D:1:      ncdulo_wetmaze, layout_basic

Action                     || total
---------------------------++-------
  Melee: Unarmed           ||     3
         Constrict         ||     1
   Cast: Foxfire           ||     7
 Armour: Skin              ||     5
  Dodge: Dodged            ||     4

Table legend: (Time is in decaauts)
 A = Elapsed time spent in this place.
 B = Non-inter-level travel time spent in this place.
 C = Inter-level travel time spent in this place.
 D = Time resting spent in this place.
 E = Time spent auto-exploring this place.
 F = Levels seen in this place.
 G = Mean time per level.
                   A        B        C        D        E       F      G
               +--------+--------+--------+--------+--------+-----+--------+
         Total |    101 |    101 |      0 |      0 |     47 |   1 |  101.0 |
       Dungeon |    101 |    101 |      0 |      0 |     47 |   1 |  101.0 |
               +--------+--------+--------+--------+--------+-----+--------+

Top non-repeatable levels by time:
     D:1: 101 daAuts
